[Event "*** Titled Tuesday Blitz"]
[Site "Chess.com"]
[Date "2020.10.27"]
[Round "2"]
[White "sara_khm"]
[Black "fireheart92"]
[Result "1/2-1/2"]
[WhiteElo "2590"]
[BlackElo "2875"]
[TimeControl "180+1"]
[EndTime "10:19:59 PDT"]
[Termination "Game drawn - insufficient material"]

1. d4 Nf6 2. c4 g6 3. g3 c5 4.
dxc5 Qa5+ 5. Nc3 Qxc5 6. Qa4 Nc6 7. Bg2 Ng4 8. Nh3 Bg7 9. O-O O-O 10. Ne4 Qb4 11. Qxb4 Nxb4 12. Bd2 Nc6 13. Bc3 d6 14. Bxg7 Kxg7 15. Nf4 Bd7 16. Nd5 Rac8 17. b3 f5 18.
Nec3 e6 19. Nf4 g5 20. Nd3 a6 21. Rfd1 Rfd8 22. Na4 Be8 23. Nb6 Rc7 24. e3 Nce5 25.
Nxe5 Nxe5 26. Rd2 Bc6 27. f4 Ng4 28. Re1 Bxg2 29. Kxg2 Nf6 30. Na4 b5 31. Nb2 Ne4 32. Rc2 gxf4 33. exf4 d5 34. Rd1 Rdc8 35. Rdc1 Kf6 36.
Kf3 bxc4 37. bxc4 dxc4 38. Ke3 c3 39. Nd1 Rc5 40. Nf2 Nxf2 41. Kxf2 e5 42. fxe5+ Kxe5 43. Ke3 h5 44. Kd3 Rd8+ 45. Ke3 Rdc8 46. Kd3 Ra5 47.
Re1+ Kf6 48. Ree2 Rd5+ 49. Ke3 Kg5 50. Kf3 Rd3+ 51. Kg2 Rcd8 52. Rf2 a5 53. h4+ Kg6 54. Kh3 a4 55. Rf4 a3 56. Ra4 Re8 57. Ra6+ Kg7 58. Rxa3 Rd2 59. Rcxc3 Ree2 60. g4 hxg4+ 61. Kg3 Kf6 62. Rc6+ Ke5 63. Ra5+ Rd5 64. Rcc5 Rxc5 65.
Rxc5+ Ke4 66. Rc4+ Kd3 67. Rf4 Re5 68. h5 Ke3 69. h6 Re6 70. h7 Rh6 71. Rxf5 Rxh7 72. Kxg4 Ra7 73. Rf3+ Ke2 74. Rg3 Kd1 75. a3 Kc1 76.
Kf4 Kb2 77. Ke4 Rxa3 78. Rxa3 Kxa3 1/2-1/2

[Event "*** Titled Tuesday Blitz"]
[Site "Chess.com"]
[Date "2020.10.27"]
[Round "2"]
[White "Anton_Demchenko"]
[Black "blitzking1729"]
[Result "1/2-1/2"]
[WhiteElo "2845"]
[BlackElo "2565"]
[TimeControl "180+1"]
[EndTime "10:20:09 PDT"]
[Termination "Game drawn by repetition"]

1. d4 d5 2. Nf3 Nf6 3. Bf4 Bf5 4. c4 e6 5. Qb3 Nc6 6. Nbd2 Bb4 7.
a3 dxc4 8. Qxc4 Bxd2+ 9. Bxd2 O-O 10. Bg5 Qd5 11. Qxd5 Nxd5 12. Rc1 Nb6 13. e3 a6 14.
Be2 h6 15. Bf4 Rac8 16. O-O Rfd8 17. Rfd1 Nd5 18. Bg3 Nce7 19. Nd2 Bg6 20. Nb3 Nf5 21. Na5 Nxg3 22. hxg3 Rb8 23. b4 c6 24. Kf1 Rd7 25. Ke1 Rbd8 26. Nb3 Rc7 27. Bf3 Nf6 28. Rc5 Nd7 29.
Rc3 Nf6 30. Nc5 Ra8 31. Nb3 Rd8 32. Rcc1 Kf8 33. Ke2 Ke7 34. Na5 Be4 35. Nc4 Bxf3+ 36. gxf3 Nd7 37. Na5 Nf6 38. e4 Rcd7 39. Ke3 e5 40.
Nb3 exd4+ 41. Rxd4 Rxd4 42. Nxd4 Nd7 43. Nf5+ Kf8 44.
Rd1 g6 45. Nxh6 Ke7 46. f4 Ra8 47. Nxf7 a5 48. Nd6 axb4 49. axb4 Ra3+ 50. Ke2 Ra2+ 51. Kf3 Ra3+ 52. Kg2 Ra4 53. e5 Rxb4 54. Rh1 c5 55.
Ra1 c4 56. Kf3 b5 57. Ra7 Ke6 58. Ne4 Rb3+ 59. Ke2 Rb2+ 60. Kf3 Rb3+ 61. Kg4 b4 62. Ng5+ Ke7 63. e6 Rd3 64. exd7 Rxd7 65. Ra4 Rb7 66.
Ne4 Ke6 67. Kf3 Kd5 68. Ke3 b3 69. Nc3+ Kc5 70. Kd2 Rd7+ 71. Kc1 Rd3 72. Nd1 c3 73. Ra8 Kb4 74. Rb8+ Ka3 75. Ra8+ Kb4 76. g4 Rh3 77. Rb8+ Ka3 78. Ra8+ Kb4 79. Rb8+ Ka3 80. Ra8+ Kb4 1/2-1/2

[Event "*** Titled Tuesday Blitz"]
[Site "Chess.com"]
[Date "2020.10.27"]
[Round "2"]
[White "mapleaff"]
[Black "shriyanasmallya"]
[Result "1-0"]
[WhiteElo "2380"]
[BlackElo "1662"]
[TimeControl "180+1"]
[EndTime "10:20:11 PDT"]
[Termination "mapleaff won by checkmate"]

1. d4 d5 2. Nf3 Nf6 3. c4 e6 4.
g3 Be7 5. Bg2 O-O 6. O-O Nbd7 7.
Qc2 dxc4 8. Qxc4 Nb6 9. Qc2 c6 10. e4 h6 11. Nc3 Nh7 12. Rd1 f5 13. Ne5 Qe8 14. a4 a5 15. Qb3 Nd7 16. Qxe6+ Rf7 17. Qxf7+ Qxf7 18. Nxf7 Kxf7 19. exf5 Ndf6 20. Bh3 Nd5 21.
Nxd5 cxd5 22. Bg2 Bxf5 23. Bxd5+ Be6 24. Bxb7 Rb8 25. Bg2 Bb3 26. Rd3 Bc4 27. Rc3 Be6 28. d5 Bf5 29. Bf4 Rxb2 30. d6 Bd8 31. Rc8 Bxc8 32.
Rc1 Be6 33. h4 g5 34. hxg5 hxg5 35. Be5 Rb4 36. Bc6 Rc4 37. Rxc4 Bxc4 38. f4 gxf4 39. gxf4 Nf6 40. Kf2 Ng4+ 41. Kf3 Nxe5+ 42. fxe5 Ke6 43. Ke4 Bf1 44. Bd5+ Kd7 45. Kd4 Bb6+ 46. Kc3 Be2 47. Kd2 Bg4 48. Kd3 Be6 49. Ke4 Bh3 50. Bc4 Bg2+ 51.
Kf5 Bh3+ 52. Kf6 Bd4 53. Bb5+ Kd8 54. Bc6 Bc3 55. Bb5 Bg2 56. Ke6 Bh3+ 57. Kf6 Bd4 58. Bc4 Bc3 59. Be6 Bxe6 60. Kxe6 Ke8 61. Kd5 Kd7 62.
e6+ Kd8 63. Kc6 Bd4 64. e7+ Ke8 65. Kc7 Be5 66. Kc6 Bd4 67. d7+ Kxe7 68. Kc7 Be5+ 69.
Kc8 Ke6 70. d8=Q Kf5 71. Qxa5 Ke4 72. Qb5 Bd4 73. a5 Ke3 74. a6 Ke4 75. Qb7+ Kd3 76. a7 Kd2 77. a8=Q Ba7 78. Qaxa7 Ke2 79. Qd5 Kf1 80. Qe7 Kf2 81. Qde6 Kf3 82. Q6f6+ Kg3 83.
Qeg7+ Kh3 84. Qfh6# 1-0

[Event "*** Titled Tuesday Blitz"]
[Site "Chess.com"]
[Date "2020.10.27"]
[Round "2"]
[White "BrandonJacobson"]
[Black "druskacik"]
[Result "1/2-1/2"]
[WhiteElo "2946"]
[BlackElo "2619"]
[TimeControl "180+1"]
[EndTime "10:20:14 PDT"]
[Termination "Game drawn by repetition"]

1. d4 d5 2. c4 e6 3. Nf3 Nf6 4. g3 Bb4+ 5. Bd2 Be7 6. Bg2 O-O 7. O-O Nbd7 8. Qc2 c6 9. Bf4 b6 10. Rd1 a5 11. Ne5 Bb7 12. Nc3 Nh5 13. Bc1 Nhf6 14.
e4 Rc8 15. Nxd7 Qxd7 16. e5 Ne8 17. cxd5 cxd5 18. Bf1 Nc7 19. Bd3 g6 20. Qe2 Rfd8 21.
Bh6 Ra8 22. Qe3 Ba6 23. Bc2 b5 24.
h4 b4 25. Na4 Rab8 26. Nc5 Qc6 27. Rac1 Bb5 28. Bb1 Rdc8 29. Qf4 Qe8 30. h5 Na6 31. Bg5 Nxc5 32. dxc5 Rxc5 33. Rxc5 Bxc5 34. Bf6 Be7 35. Kg2 Bxf6 36. Qxf6 Qd8 37. Qf4 Rc8 38. Rh1 Qf8 39.
Qg5 Qg7 40. h6 Qf8 41. Qf6 d4 42. Be4 d3 43. g4 d2 44. Bf3 Rc1 45. Bd1 Bc6+ 46. f3 Bd5 47. g5 a4 48. a3 bxa3 49. bxa3 Bb3 50. Be2 Rxh1 51. Kxh1 d1=Q+ 52. Bxd1 Bxd1 53.
Kg2 Bc2 54. Kg3 Bf5 55. Kg2 Bc2 56. Kg3 Bb3 57. Kg2 Bd5 58. Kg3 Bc6 59. Kg2 Bd5 60.
Kh2 Bxf3 61. Qxf3 Qd8 62. Qf4 Kf8 63. Qxa4 Qd2+ 64. Kh3 Qe3+ 65. Kg2 Qxg5+ 66. Kf1 Qf5+ 67. Kg2 Qg5+ 68. Kf1 Qxh6 69. Qb4+ Kg7 70. Qc3 Qf4+ 71. Kg2 h5 72. Qb4 Qg5+ 73. Kh1 h4 74. a4 h3 75.
Qe4 Qc1+ 76. Kh2 Qc3 77. Qf4 Qa3 78. Qd4 Kg8 79. Qd8+ Kh7 80. Qh4+ Kg7 81. Qf6+ Kg8 82. Qd8+ Kg7 83. Qf6+ Kg8 84. Qd8+ 1/2-1/2

[Event "*** Titled Tuesday Blitz"]
[Site "Chess.com"]
[Date "2020.10.27"]
[Round "2"]
[White "jacky72"]
[Black "Mazetovic"]
[Result "1-0"]
[WhiteElo "2526"]
[BlackElo "2750"]
[TimeControl "180+1"]
[EndTime "10:20:35 PDT"]
[Termination "jacky72 won by resignation"]

1. d4 Nf6 2. c4 g6 3. Nc3 Bg7 4. e4 O-O 5. Be2 d6 6. Bg5 Nbd7 7. Qd2 e5 8. d5 a5 9. f3 h6 10. Be3 Nc5 11. g4 Kh7 12. h4 Ng8 13. Nh3 b6 14. h5 g5 15. O-O Bf6 16. b3 Ne7 17. Rfb1 Bd7 18. a3 a4 19. Bxc5 dxc5 20. bxa4 Bxa4 21.
Nxa4 Rxa4 22. Qc3 Nc8 23. Bd1 Ra5 24. a4 Nd6 25. Nf2 Qd7 26. Ra2 Rfa8 27. Nd3 Qe7 28.
Bc2 Kg8 29. Raa1 Qd7 30. Nf2 Bg7 31. Kg2 Kf8 32. Kh3 Ke7 33. Nd3 Kf8 34. Ra3 Qe7 35. Raa1 Qe8 36. Kg2 Bf6 37. Kh3 Kg7 38. Kg2 Nb7 39.
Kh3 Rc8 40. Kg2 Be7 41. Kh3 Bd6 42. Kg2 Qd7 43. Nxe5 Bxe5 44. Qxe5+ f6 45. Qc3 Qe7 46. Re1 Qe5 47. Qxe5 fxe5 48. Bb3 Nd6 49. Kf2 Rca8 50.
Rac1 Kf6 51. Rc2 Ke7 52. Rec1 Kd7 53. Ke2 Rf8 54. Ke3 Kc8 55. Rc3 Kb7 56. Ke2 Raa8 57. Ke3 Rf4 58. Ke2 Ka6 59. Bc2 Ka5 60. Rb1 Raf8 61. Rb2 Ra8 62. Rb1 Rff8 63. Rb2 Ka6 64. Rb1 Kb7 65. Rb2 Ra5 66. Rb1 Rfa8 67. Rb2 Kc8 68. Kd3 Kb7 69. Bd1 c6 70. dxc6+ Kxc6 71. Ke2 Nf7 72. Rd2 Rd8 73. Rcd3 Rd4 74. Bb3 Nd8 75. Ke3 Ne6 76. Rxd4 exd4+ 77. Kd3 Nf4+ 78. Kc2 Kd6 79. Rd1 Ke5 80. Kd2 Ne6 81. Bc2 Kf4 82. Rb1 Ra6 83. Bd1 Kg3 84. Rb3 Nf4 85. e5 Rxa4 86.
Rxb6 Ra2+ 87. Kc1 Ra1+ 88. Kd2 Ra7 89. Rxh6 Re7 90. Rc6 Rxe5 91. h6 Re7 92. Rxc5 Ra7 93. Rxg5 Ra2+ 94. Kc1 Nd3+ 95. Kb1 Rb2+ 96. Ka1 Rd2 97. h7 Rxd1+ 98. Ka2 Rd2+ 99. Ka3 Nf4 100. h8=Q d3 101. Qc3 Re2 102. Rd5 Re3 103. Ka4 Rxf3 104. Rd4 Kxg4 105. c5 Kf5 106. c6 Ne2 107. Qc5+ Ke6 108. Rd6+ 1-0

[Event "*** Titled Tuesday Blitz"]
[Site "Chess.com"]
[Date "2020.10.27"]
[Round "3"]
[White "GjakanTati"]
[Black "googlegoom"]
[Result "1-0"]
[WhiteElo "2606"]
[BlackElo "2394"]
[TimeControl "180+1"]
[EndTime "10:22:23 PDT"]
[Termination "GjakanTati won by resignation"]

1. e4 c5 2. Nf3 Nc6 3. Bb5 Qb6 4.
Bxc6 bxc6 5. O-O g6 6. d3 Bg7 7.
Nc3 e5 8. Nd2 d6 9. Nc4 Qc7 10.
f4 exf4 11. Bxf4 Bf8 12. e5 d5 13. e6 1-0

[Event "*** Titled Tuesday Blitz"]
[Site "Chess.com"]
[Date "2020.10.27"]
[Round "3"]
[White "MarkEvgenievich"]
[Black "Quiet_Desperation"]
[Result "1-0"]
[WhiteElo "2317"]
[BlackElo "1996"]
[TimeControl "180+1"]
[EndTime "10:23:04 PDT"]
[Termination "MarkEvgenievich won by resignation"]

1. c4 c6 2. d4 d5 3. cxd5 cxd5 4. Bf4 Nf6 5. e3 Nc6 6. Nc3 e6 7. Bd3 Bd6 8. Bxd6 Qxd6 9. f4 O-O 10. Nf3 a6 11. O-O b5 12. Rc1 b4 13. Na4 Nd7 14.
Qc2 Ne7 15. Bxh7+ Kh8 16. Bd3 Nf6 17. Ne5 Bb7 18. Qc7 Qxc7 1-0

[Event "*** Titled Tuesday Blitz"]
[Site "Chess.com"]
[Date "2020.10.27"]
[Round "3"]
[White "gagtemp"]
[Black "indfraeng"]
[Result "0-1"]
[WhiteElo "1957"]
[BlackElo "2352"]
[TimeControl "180+1"]
[EndTime "10:23:12 PDT"]
[Termination "indfraeng won by resignation"]

1. e4 e5 2. Nf3 Nc6 3. Bc4 Bc5 4. O-O Nf6 5. d3 h6 6. a4 d6 7. Re1 a5 8. c3 O-O 9. Be3 Bxe3 10. Rxe3 Be6 11.
Nbd2 Bxc4 12. Nxc4 Re8 13. Qd2 d5 14. exd5 Qxd5 15.
Ree1 e4 16. dxe4 Qxc4 0-1

[Event "*** Titled Tuesday Blitz"]
[Site "Chess.com"]
[Date "2020.10.27"]
[Round "3"]
[White "BJthechessgod"]
[Black "madmax011"]
[Result "1-0"]
[WhiteElo "2287"]
[BlackElo "1827"]
[TimeControl "180+1"]
[EndTime "10:23:43 PDT"]
[Termination "BJthechessgod won by resignation"]

1. e4 c5 2. Nf3 d6 3. c3 Nf6 4. Be2 Nc6 5. d4 cxd4 6. cxd4 g6 7. O-O Bg7 8. Nc3 O-O 9. h3 b6 10. Be3 Bb7 11. d5 Nb8 12. Nd4 Nbd7 13. b4 Rc8 14.
Rc1 Ne5 15. f4 Nc4 16. Bxc4 Rxc4 17. Qb3 Qc8 18. Ncb5 Rxc1 19. Rxc1 Qd7 20. Rc7 Qd8 21. Rxb7 Nxe4 22. Nc6 Qa8 23. Rxa7 Qe8 24. Rxe7 Qc8 25. Rxe4 1-0

[Event "*** Titled Tuesday Blitz"]
[Site "Chess.com"]
[Date "2020.10.27"]
[Round "3"]
[White "PLAYER_2006_M"]
[Black "AndreyNeves"]
[Result "1-0"]
[WhiteElo "2519"]
[BlackElo "2260"]
[TimeControl "180+1"]
[EndTime "10:24:01 PDT"]
[Termination "PLAYER_2006_M won by checkmate"]

1. d4 d5 2. Nc3 Nf6 3. Bf4 Bf5 4. f3 e6 5. g4 Bg6 6. h4 h6 7. e3 Bd6 8. Nh3 a6 9. Bxd6 cxd6 10. Nf4 O-O 11. g5 hxg5 12. hxg5 Nh7 13. Nxg6 fxg6 14. f4 e5 15. Nxd5 exf4 16. Bc4 Kh8 17.
Qg4 b5 18. Rxh7+ Kxh7 19. Qh4+ Kg8 20. Nf6# 1-0

[Event "*** Titled Tuesday Blitz"]
[Site "Chess.com"]
[Date "2020.10.27"]
[Round "3"]
[White "Misticpikachu"]
[Black "Ariadna_Atreides"]
[Result "1-0"]
[WhiteElo "2356"]
[BlackElo "2108"]
[TimeControl "180+1"]
[EndTime "10:24:08 PDT"]
[Termination "Misticpikachu won by checkmate"]

1. c4 Nf6 2. Nc3 e6 3. e4 d5 4. e5 d4 5. exf6 dxc3 6. bxc3 Qxf6 7. Nf3 Be7 8. d4 h6 9. Bd3 Nc6 10. O-O O-O 11. Qe2 Rd8 12. Re1 a5 13. Qe4 a4 14.
Qh7+ Kf8 15. Qh8# 1-0

[Event "*** Titled Tuesday Blitz"]
[Site "Chess.com"]
[Date "2020.10.27"]
[Round "3"]
[White "AsaHoffmann"]
[Black "parintele_chess"]
[Result "1-0"]
[WhiteElo "2369"]
[BlackElo "2142"]
[TimeControl "180+1"]
[EndTime "10:24:14 PDT"]
[Termination "AsaHoffmann won by resignation"]

1. d4 Nf6 2. Bg5 g6 3. Nc3 Bg7 4. e4 d6 5. f3 c6 6. Qd2 b5 7. a4 Qa5 8. Ra2 Nbd7 9. axb5 Qc7 10. bxc6 Qxc6 11. Bd3 e5 12. d5 Qb6 13. Be3 Nc5 14.
Nge2 Nfd7 15. O-O O-O 16. b4 Qxb4 17. Rb1 Nxd3 18. cxd3 Qxb1+ 19. Nxb1 Rb8 20. Na3 f5 21. Nc4 1-0

[Event "*** Titled Tuesday Blitz"]
[Site "Chess.com"]
[Date "2020.10.27"]
[Round "3"]
[White "TheCavemanChesss"]
[Black "HrvojeZagreb"]
[Result "1-0"]
[WhiteElo "2515"]
[BlackElo "2238"]
[TimeControl "180+1"]
[EndTime "10:24:35 PDT"]
[Termination "TheCavemanChesss won by resignation"]

1. d4 e6 2. c4 f5 3. g3 Nf6 4. Bg2 Be7 5. Nc3 O-O 6. Nf3 d6 7. O-O Ne4 8. Qc2 Nxc3 9. Qxc3 Bf6 10. Qc2 e5 11. dxe5 dxe5 12. e4 g6 13. Bh6 Rf7 14. Rad1 Qe8 15. Ng5 Rd7 16. exf5 Rxd1 17. Rxd1 gxf5 18.
Bd5+ Kh8 19. Nf7+ Kg8 20. Nd6+ Qe6 21. Nxc8 1-0

[Event "*** Titled Tuesday Blitz"]
[Site "Chess.com"]
[Date "2020.10.27"]
[Round "3"]
[White "Dr_crypt"]
[Black "Bwert2602"]
[Result "1-0"]
[WhiteElo "2459"]
[BlackElo "2210"]
[TimeControl "180+1"]
[EndTime "10:24:40 PDT"]
[Termination "Dr_crypt won by resignation"]

1. d4 e6 2. c4 Nf6 3. Nf3 c5 4. g3 b5 5. Bg2 bxc4 6. O-O Nc6 7. Ne5 cxd4 8. Nxc6 dxc6 9. Bxc6+ Bd7 10. Bxa8 Qxa8 11. Qxd4 Be7 12. Nc3 O-O 13. Be3 Qc8 14. Rfd1 a6 15.
Rac1 h6 16. Qa7 Bc6 17. Qxe7 1-0

[Event "*** Titled Tuesday Blitz"]
[Site "Chess.com"]
[Date "2020.10.27"]
[Round "3"]
[White "albano87"]
[Black "ailime26"]
[Result "1-0"]
[WhiteElo "2295"]
[BlackElo "1891"]
[TimeControl "180+1"]
[EndTime "10:24:45 PDT"]
[Termination "albano87 won by resignation"]

1. e4 b6 2. d4 Bb7 3. Bd3 g6 4. h4 h5 5. Nh3 Bg7 6. Be3 Nf6 7. Ng5 e6 8. f3 d6 9. Nc3 Nbd7 10. g4 c5 11. Qd2 Qe7 12. O-O-O O-O-O 13. Qe2 Kb8 14. Ba6 cxd4 15. Bxd4 Nc5 16. Bxb7 Kxb7 17. e5 dxe5 18.
Bxc5 Qxc5 19. Nxf7 Rhe8 20. Nxd8+ 1-0

[Event "*** Titled Tuesday Blitz"]
[Site "Chess.com"]
[Date "2020.10.27"]
[Round "3"]
[White "mr65"]
[Black "Mikasinski"]
[Result "0-1"]
[WhiteElo "2196"]
[BlackElo "2501"]
[TimeControl "180+1"]
[EndTime "10:24:57 PDT"]
[Termination "Mikasinski won by resignation"]

1. e4 c5 2. Nf3 d6 3. d4 cxd4 4. Nxd4 Nf6 5. Nc3 g6 6. f3 Bg7 7. Be3 O-O 8. Qd2 Nc6 9. O-O-O Bd7 10. h4 h5 11. Bh6 Rc8 12. Bxg7 Kxg7 13. Be2 Ne5 14. Nd5 Nxd5 15. exd5 Rc5 16. g4 Rh8 17. gxh5 gxh5 18. Qg5+ Ng6 19. Bd3 e5 20. dxe6 Rxg5 21.
hxg5 Qxg5+ 22. Kb1 Be8 23. Rhg1 Qf6 24. Rde1 Qxd4 25.
exf7 Bxf7 26. f4 Re8 27. f5 Rxe1+ 28. Rxe1 Nf4 0-1

[Event "*** Titled Tuesday Blitz"]
[Site "Chess.com"]
[Date "2020.10.27"]
[Round "3"]
[White "WonderChampion"]
[Black "CakeinSpace2002"]
[Result "0-1"]
[WhiteElo "2036"]
[BlackElo "2340"]
[TimeControl "180+1"]
[EndTime "10:24:59 PDT"]
[Termination "CakeinSpace2002 won by resignation"]

1. d4 Nf6 2. Bg5 Ne4 3. Bf4 c5 4. dxc5 Qa5+ 5. Nd2 g6 6. c3 Nxd2 7. Qxd2 Qxc5 8. Nf3 Bg7 9. e4 O-O 10. Bd3 d6 11.
O-O Bg4 12. Be3 Qa5 13. Nd4 Nc6 14. Nxc6 bxc6 15. f3 Be6 16. a3 c5 17. Rac1 Rab8 18. b4 Qxa3 19. bxc5 dxc5 20. Rc2 Rfd8 21. Qe2 Bxc3 22.
Qf2 Rxd3 23. Bxc5 Qxc5 24. Qxc5 Bd4+ 25. Qxd4 Rxd4 26. Rd1 Rxd1+ 0-1

[Event "*** Titled Tuesday Blitz"]
[Site "Chess.com"]
[Date "2020.10.27"]
[Round "3"]
[White "DishonorOnYourCow"]
[Black "tlomigtlis"]
[Result "0-1"]
[WhiteElo "2378"]
[BlackElo "2586"]
[TimeControl "180+1"]
[EndTime "10:25:03 PDT"]
[Termination "tlomigtlis won by resignation"]

1. d4 d5 2. c4 c6 3. Nf3 Nf6 4. e3 Bf5 5. Nc3 e6 6. Nh4 Be4 7. f3 Bg6 8. Qb3 Qc7 9. Bd2 Be7 10. O-O-O Nbd7 11. Nxg6 hxg6 12. Kb1 a6 13. Rc1 dxc4 14. Bxc4 b5 15. Be2 c5 16. dxc5 Nxc5 17. Qc2 O-O 18. g4 Qd7 19. g5 Ne8 20. Ne4 Nxe4 21. Qxe4 Qxd2 22. Qxa8 Qxe2 23. Rc8 Nd6 24. Rxf8+ Bxf8 25. h4 Nc4 0-1

[Event "*** Titled Tuesday Blitz"]
[Site "Chess.com"]
[Date "2020.10.27"]
[Round "3"]
[White "bsnsun"]
[Black "Dii210"]
[Result "1-0"]
[WhiteElo "2438"]
[BlackElo "2105"]
[TimeControl "180+1"]
[EndTime "10:25:08 PDT"]
[Termination "bsnsun won by resignation"]

1. Nf3 Nf6 2. d4 g6 3. c4 Bg7 4. g3 O-O 5. Bg2 d6 6. Nc3 Nc6 7. O-O e5 8. dxe5 dxe5 9. Qxd8 Rxd8 10. Bg5 Re8 11. Nb5 Re7 12. Nd2 h6 13. Bxf6 Bxf6 14. Ne4 Bg7 15. Nec3 Be6 16. Nd5 Bxd5 17. cxd5 Nd4 18.
Nc3 Rd8 19. Rac1 Nf5 20. Rfd1 Nd6 21. Rc2 f5 22. e4 f4 23. Rdc1 fxg3 24. hxg3 h5 25.
Na4 Rc8 26. Nc5 Bh6 27. Rd1 Bf8 28. Ne6 c6 29. Nxf8 Kxf8 30. dxc6 1-0

[Event "*** Titled Tuesday Blitz"]
[Site "Chess.com"]
[Date "2020.10.27"]
[Round "3"]
[White "Trankuilizer"]
[Black "saraswathii"]
[Result "0-1"]
[WhiteElo "2568"]
[BlackElo "2397"]
[TimeControl "180+1"]
[EndTime "10:25:14 PDT"]
[Termination "saraswathii won by resignation"]

1. e4 c5 2. c3 Nf6 3. e5 Nd5 4. d4 cxd4 5. cxd4 d6 6. Nf3 Nc6 7. Bc4 Nb6 8. Bb5 dxe5 9. Nxe5 Qd5 10. Nd3 Qxb5 11. O-O Bf5 12. Nf4 O-O-O 13. Nc3 Qc4 14. d5 e6 15. Qf3 Nd4 16. Qg3 Bd6 17. Be3 g5 18. Qxg5 Nf3+ 19. gxf3 Rdg8 20. Ne4 Bxe4 21. h4 h6 22. Rad1 hxg5 0-1

[Event "*** Titled Tuesday Blitz"]
[Site "Chess.com"]
[Date "2020.10.27"]
[Round "3"]
[White "pirulillo"]
[Black "MashaFromRussia"]
[Result "0-1"]
[WhiteElo "2210"]
[BlackElo "2384"]
[TimeControl "180+1"]
[EndTime "10:25:19 PDT"]
[Termination "MashaFromRussia won by resignation"]

1. e4 c5 2. Nf3 Nc6 3. Bb5 d6 4. O-O Bd7 5. c3 Nf6 6. Re1 a6 7. Bf1 Bg4 8. h3 Bxf3 9. Qxf3 e6 10. g3 Be7 11. Bg2 O-O 12. d3 d5 13. Qe2 d4 14.
c4 e5 15. f4 b5 16. b3 Rb8 17. f5 bxc4 18. bxc4 Qa5 19. g4 Rb6 20. g5 Nd7 21. Nd2 Qc3 22. Rb1 Nb4 23. Bf1 Nxa2 24. Rxb6 Nxb6 25.
Nb1 Nxc1 26. Nxc3 Nxe2+ 27. Nxe2 Bxg5 28. Ra1 Ra8 29. Nc1 Bxc1 30. Rxc1 a5 31. Ra1 a4 32.
Be2 a3 33. Bd1 Nc8 34. Kf2 Ne7 35. Ke2 Nc6 36. Kd2 Nb4 37. Bb3 Kf8 38. h4 Ke7 39. h5 Kf6 40. h6 gxh6 0-1

[Event "*** Titled Tuesday Blitz"]
[Site "Chess.com"]
[Date "2020.10.27"]
[Round "3"]
[White "MoreChessJulia"]
[Black "sopo-tereladze"]
[Result "1-0"]
[WhiteElo "2029"]
[BlackElo "2311"]
[TimeControl "180+1"]
[EndTime "10:25:25 PDT"]
[Termination "MoreChessJulia won by resignation"]

1. d4 d6 2. c4 Nf6 3. Nc3 Nbd7 4.
e4 e5 5. d5 g6 6. f3 Bg7 7.
Bg5 O-O 8. Qd2 Re8 9. O-O-O a6 10. Bh6 Bh8 11. h4 Nh5 12. Nge2 b5 13. g4 a5 14. gxh5 bxc4 15. Ng3 Nc5 16. Be2 a4 17. Rdg1 Bd7 18. Bxc4 Qe7 19. hxg6 fxg6 20. h5 Bg7 21. hxg6 hxg6 22.
Nf5 Bxf5 23. exf5 Rf8 1-0

[Event "*** Titled Tuesday Blitz"]
[Site "Chess.com"]
[Date "2020.10.27"]
[Round "3"]
[White "Sankalp_Gupta2003"]
[Black "Andreikka"]
[Result "0-1"]
[WhiteElo "2704"]
[BlackElo "2922"]
[TimeControl "180+1"]
[EndTime "10:25:27 PDT"]
[Termination "Andreikka won by resignation"]

1. e4 e5 2. Nc3 Nf6 3. g3 Bc5 4. Bg2 d6 5. h3 Nc6 6. d3 h6 7. Nge2 Nd4 8. Nxd4 Bxd4 9. Ne2 Bb6 10. d4 O-O 11. O-O Re8 12. Re1 Bd7 13. a4 a5 14.
Qd3 Bc6 15. b3 d5 16. exd5 Nxd5 17. Bd2 e4 18. Bxe4 Nb4 19. Bh7+ Kh8 20. Bxb4 axb4 21. Nf4 Qxd4 22. Qxd4 Bxd4 23. Rxe8+ Rxe8 24. Rd1 Kxh7 0-1

[Event "*** Titled Tuesday Blitz"]
[Site "Chess.com"]
[Date "2020.10.27"]
[Round "3"]
[White "krasavetc"]
[Black "AndrewMaco"]
[Result "0-1"]
[WhiteElo "2298"]
[BlackElo "2654"]
[TimeControl "180+1"]
[EndTime "10:25:33 PDT"]
[Termination "AndrewMaco won by resignation"]

1. Nf3 Nf6 2. e3 d5 3. d4 c5 4. c4 cxd4 5. Nxd4 dxc4 6. Bxc4 e5 7. Nf3 Qxd1+ 8. Kxd1 Nc6 9. Nc3 Bb4 10. Bd2 O-O 11. Ke2 Bg4 12. h3 Bh5 13. g4 Bg6 14. Nd5 Nxd5 15.
Bxd5 Rfd8 16. e4 Bxd2 17. Nxd2 Nd4+ 18. Kf1 Rac8 19. Kg2 Rc2 20. Nc4 Rxd5 21. exd5 Be4+ 22. Kg3 Bxh1 23. Ne3 Be4 24. Nxc2 Bxc2 25. d6 Kf8 26.
Re1 f6 27. f4 e4 28. Kf2 Bd3 29. Rc1 Nc2 0-1

[Event "*** Titled Tuesday Blitz"]
[Site "Chess.com"]
[Date "2020.10.27"]
[Round "3"]
[White "barbara25"]
[Black "keepitcoming"]
[Result "1-0"]
[WhiteElo "2260"]
[BlackElo "2555"]
[TimeControl "180+1"]
[EndTime "10:25:36 PDT"]
[Termination "barbara25 won by resignation"]

1. e4 c6 2. d4 d5 3. f3 e5 4. Nc3 dxe4 5. Nxe4 exd4 6. Ne2 c5 7. N2g3 Nf6 8.
Bb5+ Bd7 9. Bxd7+ Nbxd7 10. O-O Be7 11. Nf5 O-O 12. Qe1 Re8 13. Qg3 Nh5 14. Qg4 g6 15. Nh6+ Kg7 16. Bd2 Ne5 17. Qh3 Nc4 18. Bc1 f5 19.
Nxf5+ gxf5 20. Qxh5 fxe4 21. fxe4 Qd6 22. Rf7+ 1-0

[Event "*** Titled Tuesday Blitz"]
[Site "Chess.com"]
[Date "2020.10.27"]
[Round "3"]
[White "MartinMatthiesen"]
[Black "alexrustemov"]
[Result "0-1"]
[WhiteElo "2416"]
[BlackElo "2658"]
[TimeControl "180+1"]
[EndTime "10:25:41 PDT"]
[Termination "alexrustemov won by resignation"]

1. d4 d5 2. c4 c6 3. Nf3 Nf6 4. Nc3 a6 5. c5 Bf5 6. Bf4 e6 7. e3 h6 8. Nd2 Nbd7 9. Be2 Bh7 10. O-O Be7 11. b4 O-O 12. a4 Re8 13. Nb3 Bf8 14. Na5 Qc8 15. b5 axb5 16. axb5 e5 17. Bg3 exd4 18. exd4 g5 19. Re1 Bg7 20. Qb3 Ne4 21.
bxc6 bxc6 22. Nxe4 Rxe4 23. Bd3 Rxe1+ 24. Rxe1 Bxd3 25.
Nxc6 Qxc6 26. Qxd3 Nf8 27. Qb3 Ne6 28. Qd3 Bxd4 29.
Be5 Bxe5 0-1

[Event "*** Titled Tuesday Blitz"]
[Site "Chess.com"]
[Date "2020.10.27"]
[Round "3"]
[White "AIROPITO7"]
[Black "PowerThinking2650"]
[Result "1-0"]
[WhiteElo "2599"]
[BlackElo "2387"]
[TimeControl "180+1"]
[EndTime "10:25:41 PDT"]
[Termination "AIROPITO7 won by checkmate"]

1. e4 e5 2. Nf3 Nc6 3. Nc3 Nf6 4. h3 Bb4 5. Nd5 Bc5 6. c3 Nxe4 7. d4 exd4 8. cxd4 Bb6 9. Bd3 Ba5+ 10. Kf1 Nd6 11. Bf4 O-O 12. Bxh7+ Kxh7 13. Ng5+ Kg8 14.
Qh5 Qxg5 15. Bxg5 f6 16. h4 Nxd4 17. Ne7# 1-0

[Event "*** Titled Tuesday Blitz"]
[Site "Chess.com"]
[Date "2020.10.27"]
[Round "3"]
[White "GigaQuparadze"]
[Black "Fy_Rakotomaharo"]
[Result "1-0"]
[WhiteElo "2838"]
[BlackElo "2645"]
[TimeControl "180+1"]
[EndTime "10:25:42 PDT"]
[Termination "GigaQuparadze won by resignation"]

1. e4 c5 2. Ne2 d6 3. g3 g6 4. Bg2 Bg7 5. c3 e5 6. d4 Ne7 7.
dxc5 dxc5 8. Qxd8+ Kxd8 9. Be3 b6 10. Na3 Ba6 11. f4 Nbc6 12. Rf1 Kc7 13. f5 f6 14. g4 g5 15. h4 h6 16. Rh1 Rad8 17.
Ng3 Na5 18. Nh5 Rhg8 19. hxg5 hxg5 20. Bf1 Bb7 21. Bg2 Ba6 22. Kf2 Nc4 23. Nxc4 Bxc4 24. b3 Bf7 25. Nxg7 Rxg7 26. Bf3 c4 27. b4 Rd3 28.
Rac1 Rd6 29. a4 Nc6 30. Be2 Rd7 31. Rh6 Rd6 32. Rch1 Ne7 33. Rh7 1-0

[Event "*** Titled Tuesday Blitz"]
[Site "Chess.com"]
[Date "2020.10.27"]
[Round "3"]
[White "Omk124"]
[Black "sjam6687"]
[Result "0-1"]
[WhiteElo "2429"]
[BlackElo "2695"]
[TimeControl "180+1"]
[EndTime "10:25:44 PDT"]
[Termination "sjam6687 won by checkmate"]

1. e4 e5 2. Nf3 Nc6 3. Bc4 Nf6 4. d3 Be7 5. O-O O-O 6. a4 d5 7. exd5 Nxd5 8. Re1 Bg4 9. h3 Bh5 10. g4 Bg6 11.
Nxe5 Nxe5 12. Rxe5 Nb6 13. Bb3 Bd6 14. Re2 Kh8 15. Nc3 f5 16. Re6 Qh4 17. g5 Qxh3 18. Rxd6 cxd6 19. Bf4 Rae8 20. a5 Bh5 21. Qf1 Qg4+ 22.
Qg2 Qxf4 23. axb6 axb6 24. Qxb7 Bf3 25. Ra4 Re1# 0-1